AoeStats
← Sugar Daddy

African Clearing

505431915Analyzed
4v4 RM · 24d ago on Sep 9, 2026· 26m 19s· 8 players
Game mode
Random Map
Map size
Large (8 player)
Population
200
Speed
Normal
Resources
Standard
Victory
Conquest
Starting age
Dark Age
Ending age
Imperial Age
RankedLock teamsTeams togetherTeam positionsShared explorationLock speedFull tech treeHidden civsTurbo modeCheats
Victory
Defeat
🇹🇼 Goths · Taiwan
1373
+13
🇻🇳 Franks · Vietnam
1327
+15
🇯🇵 Koreans · Japan
1310
+16
🇹🇼 Spanish · Taiwan
1187
+21
🇨🇳 Maya · China
1375
-19
🇳🇱 Khmer · Netherlands
1318
-17
1285
-15
🇨🇳 Mongols · China
1244
-14
Joe
5:18 Loom
11:34 Feudal Age
14:17 Scale Barding Armor
15:59 Forging
恩底弥翁之鹰
3:21 Loom
12:16 Feudal Age
18:02 Castle Age
16:07 Double-Bit Axe
16:05 Horse Collar
17:28 Wheelbarrow
20:50 Fletching
22:01 Bodkin Arrow
23:19 Husbandry
帝国孙笑川
5:38 Loom
11:47 Feudal Age
17:33 Wheelbarrow
19:08 Double-Bit Axe
23:35 Castle Age
23:12 Fletching
26:03 Bow Saw
灯窝森曾瑞卜药方松滴
11:08 Loom
13:55 Feudal Age
15:17 Double-Bit Axe
17:50 Castle Age
18:47 Bow Saw
18:52 Husbandry
18:45 Fletching
18:56 Padded Archer Armor
18:54 Horse Collar
Sugar Daddy
11:48 Loom
15:07 Feudal Age
20:11 Castle Age
18:59 Double-Bit Axe
21:43 Gold Mining
kojimo
8:41 Loom
11:50 Feudal Age
12:38 Double-Bit Axe
17:13 Horse Collar
20:25 Castle Age
20:07 Fletching
21:58 Bodkin Arrow
26:14 Town Watch
27:04 Wheelbarrow
Noobjoker
3:15 Loom
15:34 Feudal Age
16:07 Town Watch
16:13 Double-Bit Axe
16:38 Horse Collar
21:07 Castle Age
18:56 Man-at-Arms
22:33 Scale Mail Armor
22:44 Forging
24:49 Iron Casting
25:48 Gold Mining
Nguyen_Tea
3:57 Loom
13:55 Feudal Age
15:09 Double-Bit Axe
23:39 Castle Age
22:33 Stone Mining
22:34 Gold Mining
24:47 Wheelbarrow
Connection lost

Rejoining the realm…

Still unreachable

The connection could not be restored.

Session expired

The server has moved on; the page needs a fresh start.